 Dungeon Crawl Stone Soup version 0.30-a0-250-g41c1d76940 (webtiles) character file.

Game seed: 1499987511426464055

3934 Anon1729 the Changer (level 9, 0/75 HPs)
             Began as a Demigod Fighter on Oct 12, 2022.
             Slain by a centaur (6 damage)
             ... on level 7 of the Dungeon.
             The game lasted 00:10:39 (9647 turns).

Anon1729 the Changer (Demigod Fighter)              Turns: 9647, Time: 00:10:39

Health: 0/75       AC:  4    Str: 17    XL:     9   Next: 70%
Magic:  19/19      EV: 17    Int: 22    God:
Gold:   262        SH:  4    Dex: 13    Spells: 10/17 levels left

rFire   + . .      SeeInvis .      - Unarmed
rCold   + . .      Faith    .    b - +0 buckler
rNeg    . . .      Spirit   .    k - +2 robe {rC+ rF+}
rPois   .          Reflect  .    (no helmet)
rElec   .          Harm     .    v - scarf {shadows}
rCorr   .          Rampage  .    (no gloves)
Will    .....                    (no boots)
Stlth   +.........               (no amulet)
HPRegen 0.32/turn                l - +4 ring of evasion
MPRegen 0.16/turn                (no ring)

@: no status effects
A: high MP 1, forlorn, divine attributes
a: no special abilities


You were on level 7 of the Dungeon.
You visited 1 branch of the dungeon, and saw 8 of its levels.
You also visited: Ossuary.

You collected 262 gold pieces.

Inventory:

Missiles
 x - 13 poisoned darts (quivered)
Armour
 a - a +0 scale mail
 b - a +0 buckler (worn)
 k - a +2 robe of resistance (worn)
 v - a scarf of shadows (worn)
Jewellery
 l - a +4 ring of evasion (left hand)
 F - a ring of fire
Wands
 f - a wand of charming (5)
 E - a wand of roots (7)
Scrolls
 d - 2 scrolls of fog
 e - 2 scrolls of noise
 g - a scroll of poison {unknown}
 h - 2 scrolls of immolation
 j - a scroll of enchant weapon
 n - 2 scrolls of identify
 o - 2 scrolls of teleportation {unknown}
 p - a scroll of fear {unknown}
 q - a scroll of vulnerability {unknown}
 s - 2 scrolls of blinking {unknown}
 y - a scroll of torment {unknown}
Potions
 c - a potion of might
 i - a potion of lignification
 m - 5 potions of curing
 r - 2 potions of brilliance {unknown}
 t - 2 potions of resistance {unknown}
 u - 2 potions of ambrosia {unknown}
 w - 2 potions of flight {unknown}
 z - a potion of attraction {unknown}
 A - a potion of haste {unknown}
 B - 2 potions of degeneration {unknown}
 C - 2 potions of invisibility {unknown}
 D - a potion of heal wounds {unknown}


   Skills:
 + Level 6.1 Fighting
 - Level 2.8 Armour
 + Level 5.1 Dodging
 - Level 2.8 Shields
 + Level 5.6 Unarmed Combat
 + Level 4.7 Spellcasting
 * Level 7.5 Transmutations


You had 10 spell levels left.
You knew the following spells:

 Your Spells              Type           Power      Damage    Failure   Level
a - Sting                 Tmut/Pois      84%        1d7       3%          1
b - Statue Form           Tmut/Erth      14%        N/A       99%         6

Your spell library contained the following spells:

 Spells                   Type           Power      Damage    Failure   Level
 Poisonous Vapours        Pois/Air       10%        N/A       21%         2
 Petrify                  Tmut/Erth      21%        N/A       28%         4
 Olgreb's Toxic Radiance  Pois           5%         N/A       80%         4
 Metabolic Englaciation   Hex/Ice        2%         N/A       98%         5


Dungeon Overview and Level Annotations

Branches:
Dungeon (8/15)             Temple (0/1) D:5         Ossuary (visited)
   Lair: D:8-11

Shops:
D:3 [   D:6 :


Innate Abilities, Weirdness & Mutations

You have an increased reservoir of magic. (+10% MP)
You shall have no god before yourself.
Your divine heritage dramatically boosts your attributes as you level up.


Message History

Items here: )) [ ††.
You closely miss the centaur. The centaur hits you.
* * * LOW HITPOINT WARNING * * *
The centaur kicks you but does no damage.
The centaur misses you.
The centaur kicks you but does no damage.
You feel better. The centaur hits you.
* * * LOW HITPOINT WARNING * * *
The centaur kicks you but does no damage.
You hit the centaur.
The centaur is lightly wounded.
The centaur barely misses you. The centaur misses you.
You block the centaur's attack. The centaur misses you.
You hit the centaur.
The centaur is moderately wounded.
The centaur closely misses you.
The centaur kicks you but does no damage.
You feel better. The centaur barely misses you. The centaur misses you.
You hit the centaur but do no damage.
The centaur is moderately wounded.
The centaur hits you but does no damage.
The centaur kicks you but does no damage.
The centaur hits you but does no damage.
The centaur barely misses you.
You hit the centaur but do no damage.
The centaur is moderately wounded.
The centaur hits you.
* * * LOW HITPOINT WARNING * * *
The centaur kicks you but does no damage.
You hit the centaur.
The centaur is heavily wounded.
The centaur hits you.
* * * LOW HITPOINT WARNING * * *
The centaur kicks you but does no damage.
You hit the centaur.
The centaur is almost dead.
The centaur barely misses you.
The centaur kicks you but does no damage.
The centaur hits you.
You die...

## #...#
##################
.....###.................
... ..#.###############.
#..#.#@# #. .##..#)#c###
#. .....))....# ########'
.##...)....# #........
.#........# ##........
#.....)....# ..........
...#...)...# #........
####.......# ######'#.
#.......# #.#.


You could see a centaur.

Vanquished Creatures
  Pikel (D:5)
  A cyclops (D:6)
  Eustachio (D:6)
  2 water moccasins (D:6)
  2 sky beasts (D:7)
  2 orc warriors
  A black bear (D:6)
  3 ogres (D:4)
  A centaur (D:6)
  2 phantoms
  2 lemures (D:5)
  Blork the orc (D:6)
  A bullfrog (D:6)
  3 scorpions
  9 wights
  5 water moccasin zombies (Ossuary)
  2 jellies (D:4)
  7 orc priests
  3 hounds
  2 iguanas
  3 orc wizards
  2 mummies (Ossuary)
  3 gnolls (D:7)
  10 adders
  A white imp (D:7)
  2 ufetubi (D:4)
  6 adder zombies (Ossuary)
  A worm (D:2)
  3 dart slugs
  14 orcs
  4 ball pythons
  4 bats
  4 endoplasms
  5 giant cockroaches
  5 goblins
  3 hobgoblins
  3 jackals (D:1)
  3 kobolds
  2 frilled lizards
  4 gnoll zombies (Ossuary)
  8 hobgoblin zombies (Ossuary)
  4 kobold zombies (Ossuary)
  An orc zombie (Ossuary)
  6 rats
152 creatures vanquished.

Vanquished Creatures (others)
  Edmund (D:4)
  3 plants (D:7)
  5 toadstools (D:1)
9 creatures vanquished.

Grand Total: 161 creatures vanquished

Notes
Turn   | Place    | Note
-------+----------+-------------------------------------------
     0 | D:1      | Anon1729 the Demigod Fighter began the quest for the Orb.
     0 | D:1      | Reached XP level 1. HP: 18/18 MP: 3/3
   163 | D:1      | Reached XP level 2. HP: 6/25 MP: 4/4
   834 | D:2      | Reached XP level 3. HP: 30/31 MP: 6/6
   851 | D:2      | Learned a level 1 spell: Sting
  1415 | D:2      | Reached skill level 1 in Spellcasting
  1415 | D:2      | Reached skill level 1 in Transmutations
  1604 | D:3      | Reached XP level 4. HP: 14/38 MP: 8/8
  1605 | D:3      | Reached skill level 1 in Dodging
  1796 | D:3      | Found Hijocsusk's Armour Shoppe.
  2160 | D:4      | Noticed an ogre
  2174 | D:4      | Killed an ogre
  2175 | D:4      | Reached skill level 2 in Transmutations
  2175 | D:4      | Reached XP level 5. HP: 17/45 MP: 8/10
  2761 | D:4      | Noticed an ogre
  2796 | D:5      | Entered Level 5 of the Dungeon
  2950 | D:5      | Noticed Edmund
  2980 | D:4      | Your ally Edmund died
  2986 | D:4      | Killed an ogre
  2987 | D:4      | Reached XP level 6. HP: 24/52 MP: 12/12
  3222 | D:4      | Reached skill level 3 in Transmutations
  3606 | D:5      | Reached XP level 7. HP: 14/59 MP: 13/13
  3941 | D:5      | Found a staircase to the Ecumenical Temple.
  4099 | D:5      | Identified the +1 scale mail of Jurch {rElec rPois Will+}
  4314 | D:5      | Reached skill level 4 in Transmutations
  4928 | D:5      | Learned a level 6 spell: Statue Form
  5005 | D:5      | Noticed Pikel
  5024 | D:5      | Killed Pikel
  5025 | D:5      | Reached skill level 5 in Transmutations
  5025 | D:5      | Reached XP level 8. HP: 26/67 MP: 16/16
  5406 | D:6      | Found Qukalad Maotz's Tremendous Tomes.
  5473 | D:6      | Noticed a cyclops
  5485 | D:6      | Killed a cyclops
  5486 | D:6      | Reached skill level 5 in Fighting
  5546 | D:6      | Noticed Blork the orc
  5547 | D:6      | Found a sand-covered staircase.
  5561 | D:6      | Killed Blork the orc
  5569 | Ossuary  | Entered an ossuary
  6101 | Ossuary  | Reached skill level 6 in Transmutations
  6592 | D:6      | Reached XP level 9. HP: 28/74 MP: 18/18
  7027 | D:6      | Noticed Eustachio
  7061 | D:6      | Reached skill level 5 in Unarmed Combat
  7339 | D:6      | Killed Eustachio
  8370 | D:7      | Reached skill level 7 in Transmutations
  8737 | D:7      | Reached skill level 5 in Dodging
  9639 | D:7      | HP: 3/75 [centaur (3)]
  9647 | D:7      | Slain by a centaur

Illustrated notes

Levels and vault maps discovered:
D:1:      ldierk_walled_garden, layout_loops_cross
D:2:      layout_loops_cross, basic_ecumenical_altar
D:3:      layout_rooms, serial_shops, shop, amethyst_killhole
D:4:      layout_cave_pods, zin_academy
D:5:      layout_basic, mainiacjoe_overflow_paths, lightli_temple_of_fire,
          minmay_temple_entry_grid, uniq_edmund, uniq_pikel
D:6:      layout_loops_ring, nicolae_ossuary_entry_monument, serial_glass,
          glass_columns_b, glass_columns_a, hangedman_decor_slide_cut,
          nicolae_shop_i_like_big_books, lightli_corner_chamber, uniq_eustachio,
          uniq_blork_the_orc
D:7:      layout_basic, mainiacjoe_overflow_small_starburst, worms_lemuel
D:8:      layout_loops_ring, grunt_temple_overflow_open

Skill      XL: |  1  2  3  4  5  6  7  8  9 |
---------------+----------------------------+-----
Unarmed Combat | 2 3 4 5 |  5.6
Fighting       | 3 4 5 6 |  6.1
Spellcasting   | 1 2 3 4 |  4.7
Transmutations | 1 2 3 5 6 7 |  7.5
Dodging        | 1 2 3 4 5 |  5.1
Armour         | |  2.8
Shields        | |  2.8

Action                   |  1- 3 |  4- 6 |  7- 9 || total
-------------------------+-------+-------+-------++-------
Melee: Unarmed           |   165 |   113 |   789 ||  1067
Evoke: Wand              |       |     7 |    14 ||    21
  Use: Potion            |     2 |       |     5 ||     7
       Scroll            |       |       |     4 ||     4
Armor: Scale mail        |    65 |    21 |    30 ||   116
       Skin              |     8 |       |     2 ||    10
       Robe              |       |       |    94 ||    94
Dodge: Dodged            |    72 |    71 |   598 ||   741
Block: Buckler           |    44 |    21 |   174 ||   239

Table legend: (Time is in decaauts)
 A = Elapsed time spent in this place.
 B = Non-inter-level travel time spent in this place.
 C = Inter-level travel time spent in this place.
 D = Time resting spent in this place.
 E = Time spent auto-exploring this place.
 F = Levels seen in this place.
 G = Mean time per level.
                   A        B        C        D        E       F      G
               +--------+--------+--------+--------+--------+-----+--------+
         Total |   9619 |   9415 |    204 |   2200 |   5526 |   9 | 1068.8 |
       Dungeon |   8801 |   8597 |    204 |   1914 |   5246 |   8 | 1100.1 |
       Ossuary |    818 |    818 |      0 |    286 |    280 |   1 |  818.0 |
               +--------+--------+--------+--------+--------+-----+--------+

Top non-repeatable levels by time:
     D:5: 2174 daAuts
     D:6: 1802 daAuts
     D:7: 1455 daAuts
     D:4: 1232 daAuts
     D:2: 830 daAuts
 Ossuary: 818 daAuts
     D:1: 743 daAuts
     D:3: 559 daAuts
     D:8: 2 daAuts
